 Dungeon Crawl Stone Soup version 0.28.0-49-g6dfe1f597d (webtiles) character file.

Game seed: 5589698994954112365

14 nickcage the Vexing (level 2, -2/13 HPs)
             Began as a Spriggan Enchanter on May 16, 2022.
             Frozen to death by an endoplasm (5 damage)
             ... on level 1 of the Dungeon.
             The game lasted 00:01:43 (935 turns).

nickcage the Vexing (Spriggan Enchanter)             Turns: 935, Time: 00:01:43

Health: -2/13      AC:  2    Str:  4    XL:     2   Next: 31%
Magic:  6/6        EV: 17    Int: 16    God:
Gold:   37         SH:  0    Dex: 15    Spells: 6/6 levels left

rFire   . . .      SeeInvis +   a - +1 dagger
rCold   . . .      Faith    .   (no shield)
rNeg    . . .      Spirit   .   b - +0 robe
rPois   .          Reflect  .   (helmet restricted)
rElec   .          Harm     .   (no cloak)
rCorr   .          Rampage  .   (gloves unavailable)
Will    .....                   (boots unavailable)
Stlth   +++.......              (no amulet)
HPRegen 0.04/turn               (no ring)
MPRegen 0.10/turn               (no ring)

@: very quick
A: very small, no large weapons, unfitting armour, see invisible, speed 3
a: no special abilities


You were on level 1 of the Dungeon.
You visited 1 branch of the dungeon, and saw 1 of its levels.

You collected 37 gold pieces.

Inventory:

Hand Weapons
 a - a +1 dagger (weapon)
Armour
 b - a +0 robe (worn)
Scrolls
 d - a scroll of fear {unknown}
 g - a scroll of teleportation {unknown}
Potions
 c - a potion of invisibility
 e - a potion of curing {unknown}
 f - 2 potions of brilliance {unknown}


   Skills:
 - Level 1.1 Short Blades
 - Level 2.6 Dodging
 - Level 4.4 Stealth
 - Level 2.6 Spellcasting
 + Level 4.6 Hexes


You had 6 spell levels left.
You didn't know any spells.
Your spell library contained the following spells:

 Spells                   Type           Power      Damage    Failure   Level
 Confusing Touch          Hex            16%        N/A       9%          3
 Tukima's Dance           Hex            16%        N/A       9%          3
 Ensorcelled Hibernation  Hex/Ice        18%        N/A       12%         2
 Dazzling Flash           Conj/Hex       18%        N/A       22%         3


Dungeon Overview and Level Annotations

Branches:
Dungeon (1/15)

Altars:


Innate Abilities, Weirdness & Mutations

You are very small and have problems with some larger weapons.
You are too small for most types of armour.
You have supernaturally acute eyesight. (SInv)
You cover ground extremely quickly. (Speed+++)


Message History

You hit the bat.
The bat is moderately wounded.
The bat hits you.
You hit the bat.
The bat is severely wounded.
The bat misses you. The bat hits you but does no damage.
You closely miss the bat.
The bat is severely wounded.
The bat completely misses you. The bat hits you but does no damage.
You miss the bat.
The bat is severely wounded.
The bat misses you.
You completely miss the bat.
The bat is severely wounded.
The bat closely misses you. The bat completely misses you.
You closely miss the bat.
The bat is moderately wounded.
The bat hits you.
* * * LOW HITPOINT WARNING * * *
You hit the bat.
You kill the bat!
There is a staircase leading out of the dungeon here.
You start resting.
An endoplasm is nearby!
You start resting.
An endoplasm is nearby!
The endoplasm quivers.
You hit the endoplasm but do no damage. The endoplasm freezes you.
You are frozen.
You hit the endoplasm.
The endoplasm is lightly wounded.
The endoplasm jiggles.
The endoplasm hits you.
* * * LOW HITPOINT WARNING * * *
You hit the endoplasm.
The endoplasm is severely wounded.
The endoplasm freezes you.
You are frozen.
You die...

####### ##.....##
##.#####.#
#..8≈8≈8.###
#<@≈≈≈≈≈...#
#.J8≈8≈8.#.# ###
##.#####.#.###.####
##....J##....#....
############.####
#.# ####### #.###
#.....# #...#
#.###.## #...# #.#
#...


You could see an endoplasm.

Vanquished Creatures
  A ball python (D:1)
  2 bats (D:1)
  2 endoplasms (D:1)
  A giant cockroach (D:1)
  A goblin (D:1)
  A hobgoblin (D:1)
  3 kobolds (D:1)
  3 rats (D:1)
14 creatures vanquished.

Notes
Turn   | Place    | Note
-------+----------+-------------------------------------------
     0 | D:1      | nickcage the Spriggan Enchanter began the quest for the
                  | Orb.
     0 | D:1      | Reached XP level 1. HP: 9/9 MP: 5/5
   522 | D:1      | Reached XP level 2. HP: 13/13 MP: 6/6
   935 | D:1      | Frozen to death by an endoplasm

Illustrated notes

Levels and vault maps discovered:
D:1:      lightli_arrival_statue_moat, layout_loops_ring,
          dilly_ecumenical_altar_fadedgnrine

Skill      XL: |  1 |
---------------+----+-----
Hexes          | 4 |  4.6
Short Blades   | |  1.1
Dodging        | |  2.6
Stealth        | |  4.4
Spellcasting   | |  2.6

Action                   || total
-------------------------++-------
Melee: Dagger            ||    56
 Stab: Sleeping          ||     7
Armor: Robe              ||    12
Dodge: Dodged            ||    41
